[Event "*** Titled Tuesday Blitz"]
[Site "Chess.com"]
[Date "2019.08.06"]
[Round "5"]
[White "Muracle"]
[Black "rasmussvane"]
[Result "0-1"]
[WhiteElo "2638"]
[BlackElo "2820"]
[TimeControl "180+2"]
[EndTime "14:05:30 PDT"]
[Termination "rasmussvane won by resignation"]

1. Nf3 d5 2. g3 g6 3. Bg2 Bg7 4. O-O e5 5. d4 e4 6. Ne1 Nf6 7. c4 c6 8. Nc3 O-O 9. Nc2 Re8 10. Bf4 dxc4 11. Bg5 Bf5 12. Ne3 h6 13. Bf4 Be6 14. Be5 Nbd7 15. Qc2 Nxe5 16. dxe5 Nd7 17. Rfd1 Qe7 18.
Nxe4 Nxe5 19. h3 f5 20. Nd6 Red8 21. Ndxc4 Nxc4 22. Nxc4 Qc5 23. Rxd8+ Rxd8 24. Rc1 Qxc4 25. Qxc4 Bxc4 26. Rxc4 Rd2 27. b4 Rxa2 28. b5 Rxe2 29.
bxc6 bxc6 30. Rxc6 Kh7 31. Rc7 a5 32. Bd5 h5 33.
Kf1 Rd2 34. Bf7 Bd4 35. Be8+ Kh6 36. Rc6 Rxf2+ 37. Ke1 Rf3 38. Rxg6+ Kh7 39. Re6 Rxg3 40. Bxh5 f4 41. Bg4 f3 42. Kd2 f2 43. Be2 Rg1 44. Kd3 Bc5 45. Rf6 a4 46. Kc4 a3 47.
Kb3 Rb1+ 48. Kc4 a2 49. Bd3+ Kg7 50. Rf3 Rc1+ 0-1

[Event "*** Titled Tuesday Blitz"]
[Site "Chess.com"]
[Date "2019.08.06"]
[Round "5"]
[White "WPWPWP-2015"]
[Black "TregubovP"]
[Result "1/2-1/2"]
[WhiteElo "2413"]
[BlackElo "2504"]
[TimeControl "180+2"]
[EndTime "14:05:32 PDT"]
[Termination "Game drawn by repetition"]

1. e4 e6 2. d4 d5 3. Nc3 Bb4 4. a3 Bxc3+ 5. bxc3 dxe4 6. Qg4 Nf6 7. Qxg7 Rg8 8. Qh6 c5 9. Ne2 Nc6 10. Qe3 cxd4 11.
cxd4 Bd7 12. h3 Na5 13. Ng3 Rc8 14. Be2 Nc4 15. Qb3 Qa5+ 16. Qb4 Qxb4+ 17. axb4 a6 18. c3 e3 19. O-O Bb5 20. fxe3 Rxg3 21. Rxf6 Nxe3 22.
Bxb5+ axb5 23. Kf2 Rxg2+ 24. Kxe3 Rxc3+ 25. Ke4 Re2+ 26.
Kf4 Rxh3 27. Kg4 Rh1 28. Bb2 Rg2+ 29. Kf3 Rxa1 30. Kxg2 Ra4 31. Bc3 Ra3 32. Be1 Rd3 33. Rf4 f5 34. Rh4 Kd7 35. Rxh7+ Kc6 36. Rh4 Kd5 37.
Bf2 Rb3 38. Rh7 Rxb4 39. Rxb7 Rb2 40. Rc7 b4 41. Rc5+ Ke4 42. Re5+ Kd3 43. Rxe6 b3 44.
d5 Rd2 45. Rb6 b2 46. Kf3 Kc2 47. Rc6+ Kd1 48. Rb6 Kc2 49. Rc6+ Kb3 50. Rb6+ Kc2 1/2-1/2

[Event "*** Titled Tuesday Blitz"]
[Site "Chess.com"]
[Date "2019.08.06"]
[Round "5"]
[White "mishanick"]
[Black "olksuna"]
[Result "1-0"]
[WhiteElo "2993"]
[BlackElo "2564"]
[TimeControl "180+2"]
[EndTime "14:05:42 PDT"]
[Termination "mishanick won by resignation"]

1. d4 d5 2. c4 e6 3. Nf3 Be7 4. Nc3 Nf6 5. Bf4 O-O 6. e3 b6 7.
cxd5 Nxd5 8. Nxd5 Qxd5 9. Bd3 Qa5+ 10. Nd2 Ba6 11. Bxa6 Nxa6 12. O-O c5 13. dxc5 Nxc5 14. Be5 Rad8 15. Qg4 f6 16. Bc3 Qa4 17. Qh3 e5 18. b4 Nd3 19. Qe6+ Rf7 20. a3 Bf8 21. Ne4 Qd7 22. Qb3 Qd5 23. Qxd5 Rxd5 24. Rfd1 Rfd7 25. g4 Nxb4 26. Rdc1 Nd3 27. Rc2 Nc5 28. Ng3 Rd1+ 29. Rxd1 Rxd1+ 30. Kg2 Kf7 31. Bb4 a5 32. Bxc5 Bxc5 33.
Ne4 Bxa3 34. Rc7+ Be7 35. Rb7 Rb1 36. Nc3 Rc1 37. Nd5 Ke6 38. Nxe7 a4 39. Nf5 g6 40.
Rxb6+ Kd7 41. Nh6 a3 42. Ra6 Rc3 43. Ng8 f5 44. gxf5 gxf5 45. Nf6+ Kc7 46. Nd5+ Kb7 47. Ra5 Rd3 48. Nb4 Rc3 49. Rb5+ Ka7 50. Na2 Rc2 51.
Ra5+ Kb6 52. Rxa3 f4 53. exf4 exf4 54. Rb3+ Ka5 55. Nc3 h6 56. Ne4 Ka4 57. Rh3 Rc4 58. Kf3 Rc6 59. Kxf4 Kb4 60. Rh5 Kc4 61. Rc5+ Rxc5 62.
Nxc5 Kxc5 63. Ke5 1-0

[Event "*** Titled Tuesday Blitz"]
[Site "Chess.com"]
[Date "2019.08.06"]
[Round "5"]
[White "GMHess"]
[Black "Shahinyan_ChessMood"]
[Result "1-0"]
[WhiteElo "2797"]
[BlackElo "2755"]
[TimeControl "180+2"]
[EndTime "14:05:42 PDT"]
[Termination "GMHess won by resignation"]

1. d4 Nf6 2. c4 c5 3. d5 e6 4. dxe6 fxe6 5. Nf3 d5 6. g3 Nc6 7. Bg2 Bd6 8. O-O O-O 9. Bg5 d4 10. Nbd2 Be7 11. Qb1 e5 12. Ne1 Be6 13. Nd3 Bf5 14. Bxf6 gxf6 15. Bd5+ Kh8 16. e4 Bh3 17. Re1 Qd6 18.
Qd1 f5 19. exf5 Bxf5 20. Ne4 Qg6 21. Nexc5 Rad8 22. Nxb7 Rb8 23. Nxe5 Nxe5 24. Rxe5 Bf6 25. Re1 d3 26. Nd6 Bxb2 27. Nxf5 Qxf5 28. Rf1 Bd4 29. Kg2 Rb2 30. Qf3 Qxf3+ 31. Bxf3 Rxf2+ 32. Rxf2 Bxa1 33. Rd2 Rd8 34. Bd5 Rb8 35. Rxd3 Rb2+ 36. Kh3 Rxa2 37. Rb3 Be5 38. Re3 Bd6 39. Re6 Bc5 40. Rc6 Bg1 41. Kg4 Bxh2 42. Rc8+ Kg7 43. c5 Ra3 44. Kh3 Bxg3 45. Rg8+ Kf6 46. Rxg3 Rxg3+ 47. Kxg3 Ke5 48. Bb3 Kf6 49. Kh4 Ke7 50.
Kh5 Kd7 51. Ba4+ Ke6 52. Kh6 Kd5 53. c6 Kd6 54. Kxh7 1-0

[Event "*** Titled Tuesday Blitz"]
[Site "Chess.com"]
[Date "2019.08.06"]
[Round "5"]
[White "M1711"]
[Black "payto1"]
[Result "1-0"]
[WhiteElo "2543"]
[BlackElo "2340"]
[TimeControl "180+2"]
[EndTime "14:05:51 PDT"]
[Termination "M1711 won by checkmate"]

1. d4 Nf6 2. Bg5 e6 3. e4 h6 4. Bxf6 Qxf6 5. c3 d6 6. Bd3 g5 7.
Ne2 Bg7 8. O-O e5 9. dxe5 dxe5 10. Ng3 Bf8 11. Nd2 Bc5 12. Nc4 Nc6 13. Ne3 Ne7 14. b4 Bb6 15. Qe2 Be6 16. Bc4 O-O-O 17. a4 Ng6 18. a5 Nf4 19. Qa2 Bxe3 20. fxe3 Bxc4 21. Qxc4 Qe6 22. Qc5 Nd3 23. Qxa7 Rhf8 24. Rad1 Qa6 25. Qxa6 bxa6 26. Rf6 Nb2 27. Rxd8+ Rxd8 28. Rxa6 Rd3 29. Rc6 Na4 30. c4 Rxe3 31. a6 Nb6 32. c5 Nc4 33. Rxh6 Ra3 34. h3 Kd7 35. Nf5 c6 36. Rf6 Rxa6 37. Rxf7+ Ke6 38. Rc7 Nd2 39. Ng3 Nb1 40. Kf2 Nc3 41. Kf3 Na2 42. Rb7 Ra3+ 43. Kg4 Rb3 44. Nf5 Rxb4 45. Rxb4 Nxb4 46. Kxg5 Nd3 47.
h4 Nxc5 48. Ng3 Nd7 49. h5 c5 50. h6 Nf8 51. Kg4 c4 52. Kf3 Kf6 53. Ke2 Ne6 54. Nf5 Nf4+ 55. Kd2 Nxg2 56. h7 Kg6 57. h8=Q c3+ 58. Kxc3 Nh4 59. Qg7+ Kh5 60. Ng3# 1-0

[Event "*** Titled Tuesday Blitz"]
[Site "Chess.com"]
[Date "2019.08.06"]
[Round "5"]
[White "JSMastropiero"]
[Black "politeplayer"]
[Result "1-0"]
[WhiteElo "2325"]
[BlackElo "2234"]
[TimeControl "180+2"]
[EndTime "14:05:51 PDT"]
[Termination "JSMastropiero won by resignation"]

1. d4 Nf6 2. c4 c5 3. d5 e6 4. Nc3 exd5 5. cxd5 d6 6. e4 g6 7. Nge2 Bg7 8. Ng3 O-O 9. Be2 h5 10.
Bg5 a6 11. a4 Qe8 12. Qd2 Nh7 13. Bh6 h4 14. Bxg7 Kxg7 15. Nf1 Nd7 16. Ne3 Ndf6 17. f3 Nh5 18. Nc4 Qe7 19. f4 N5f6 20. e5 dxe5 21.
fxe5 Ng4 22. Qf4 g5 23. Qe4 f5 24. exf6+ Qxf6 25. Rf1 Qd4 26. Qe7+ Kg8 27. Rxf8+ Nxf8 28. Qxg5+ Qg7 29. Qxg7+ Kxg7 30. Nb6 Rb8 31. Nxc8 Ne3 32.
Kd2 Nxg2 33. Rg1 h3 34. Nb6 Rd8 35. Bf3 Ng6 36. Bxg2 hxg2 37. Rxg2 Kf6 38. Re2 Nf4 39. Re4 Kf5 40. Re7 Rd6 41. a5 Rh6 42. Rf7+ Kg4 43. Rg7+ Kf5 44. Rf7+ Kg4 45. Rxb7 Rxh2+ 46. Ke3 Ng2+ 47.
Ke4 Rh4 48. d6 Kg5+ 49. Kd5 Nf4+ 50. Kc6 Kf6 51. Rb8 Ne6 52. Ncd5+ Kf5 53. Ne7+ Ke4 54. d7 Rh7 55. Nbd5 Nd4+ 56. Kxc5 Ke5 57. d8=Q Ne6+ 58. Kc6 Nxd8+ 59. Rxd8 Rh2 60. b4 Rc2+ 61. Kb6 Ke6 62. Kxa6 Rb2 63. b5 1-0

[Event "*** Titled Tuesday Blitz"]
[Site "Chess.com"]
[Date "2019.08.06"]
[Round "5"]
[White "riconaipe"]
[Black "oskariot"]
[Result "0-1"]
[WhiteElo "2449"]
[BlackElo "2673"]
[TimeControl "180+2"]
[EndTime "14:05:53 PDT"]
[Termination "oskariot won by resignation"]

1. d4 Nf6 2. c4 c5 3. d5 b5 4. Nf3 Bb7 5. a4 bxc4 6. Nc3 e6 7. e4 exd5 8. exd5 d6 9. Bxc4 Be7 10. O-O O-O 11. a5 Na6 12. Qe2 Nb4 13. Rd1 Re8 14. a6 Bc8 15. h3 Bf8 16. Qf1 Rb8 17. Bf4 Qb6 18. b3 Ne4 19. Nxe4 Rxe4 20. Bg3 Bf5 21. Kh2 h6 22. Rd2 Rbe8 23. Rad1 g5 24. Ne1 Bg7 25.
Re2 Rxe2 26. Bxe2 Na2 27. Bd3 Nc3 28. Rc1 Bxd3 29. Qxd3 Qxb3 30. f4 gxf4 31. Bxf4 Qb2 32. Rc2 Qb1 33. Rxc3 Qxe1 34. Rc2 Be5 35. Bxe5 Qxe5+ 36. Qg3+ Qxg3+ 37. Kxg3 Rb8 38. Re2 Rb6 39. Re7 Rxa6 40.
Rd7 Kf8 41. Kf4 Ke8 42. Rc7 Ra4+ 43. Kf5 Rd4 44. Kf6 Rxd5 45. Re7+ Kd8 46. Rxa7 c4 47. Kxf7 c3 48. Ra1 c2 49. Rc1 Rc5 50. Ke6 Kc7 51. g4 Re5+ 52. Kf6 Re2 53. h4 d5 54. g5 hxg5 55.
hxg5 d4 56. g6 d3 57. Rg1 d2 58. g7 Re8 59. Kf7 Rd8 60. g8=Q Rxg8 0-1

[Event "*** Titled Tuesday Blitz"]
[Site "Chess.com"]
[Date "2019.08.06"]
[Round "5"]
[White "JonahWillow"]
[Black "adriangschnitzer"]
[Result "1-0"]
[WhiteElo "2649"]
[BlackElo "2559"]
[TimeControl "180+2"]
[EndTime "14:05:57 PDT"]
[Termination "JonahWillow won by resignation"]

1. e4 e6 2. d4 d5 3. Nd2 c5 4. Ngf3 cxd4 5. exd5 Qxd5 6. Bc4 Qd6 7. O-O Nf6 8. Nb3 Nc6 9. Nbxd4 Nxd4 10. Nxd4 a6 11. Re1 Qc7 12. Bb3 Bd6 13. Nf5 Bxh2+ 14. Kh1 O-O 15. Nxg7 Rd8 16. Qf3 Kxg7 17. Bh6+ Kg6 18.
c3 Nh5 19. Bc1 Bf4 20. g4 Ng3+ 21. fxg3 Bxc1 22. Raxc1 b5 23. Bc2+ Kg7 24. Be4 Ra7 25.
g5 Bb7 26. Qf6+ Kg8 27. Rc2 Raa8 28. Kh2 Bxe4 29. Rxe4 Rd3 30. Rg4 Rad8 31. Rf2 Rd2 32. Rf4 Rxf2+ 33. Rxf2 Rd3 34. Rg2 Qd8 35. Qxd8+ Rxd8 36. Kh3 Kg7 37. Kh4 Rd5 38. Rf2 a5 39. g4 a4 40. a3 Rd3 41. Re2 Kg6 42. Rf2 Rd1 43. Rf6+ Kg7 44. Rf2 Rd5 45. Rf4 Kg6 46. Rf6+ Kg7 47.
Rf4 Rc5 48. Rb4 Kg6 49. c4 Rxc4 50. Rxb5 h5 51. gxh6 f5 52. Rb4 Rc2 53. Rxa4 Rxb2 54. Ra6 Re2 55. g5 Re4+ 56. Kg3 Kxg5 57. h7 Rg4+ 58.
Kf3 Rh4 59. Ra7 e5 60. Rg7+ Kf6 61. Ra7 e4+ 62. Kg3 Rh1 63. a4 Ke5 64. a5 f4+ 65. Kg2 Rh6 66. a6 e3 67. Re7+ Kd4 68. a7 1-0

[Event "*** Titled Tuesday Blitz"]
[Site "Chess.com"]
[Date "2019.08.06"]
[Round "5"]
[White "jlandaw"]
[Black "Jahonas"]
[Result "1/2-1/2"]
[WhiteElo "2456"]
[BlackElo "2393"]
[TimeControl "180+2"]
[EndTime "14:05:59 PDT"]
[Termination "Game drawn by repetition"]

1. e4 c6 2. d4 d5 3. exd5 cxd5 4. Bd3 Nf6 5. c3 Nc6 6. Bf4 g6 7. Nf3 Bg7 8. O-O O-O 9. Re1 Bg4 10. Nbd2 e6 11.
Qb3 Na5 12. Qa4 a6 13. Ne5 Bf5 14. Bxf5 gxf5 15. b4 Nc4 16. Ndxc4 b5 17. Qc2 dxc4 18. Bg5 Qc7 19. Bxf6 Bxf6 20. a4 a5 21. axb5 axb4 22. Rxa8 Rxa8 23. cxb4 Bxe5 24. dxe5 Qxe5 25. Qc1 Qxb5 26.
Qg5+ Kf8 27. Qf6 Qxb4 28. Rd1 Qa4 29. Rb1 Qc6 30. h4 c3 31. Rc1 c2 32. Rxc2 Qxc2 33.
Qh8+ Ke7 34. Qxa8 Qc1+ 35. Kh2 Qf4+ 36. Kg1 Qxh4 37. Qg8 Qh6 38. Qh8 Qg6 39. Qc8 h5 40. Qc5+ Kf6 41. Qc3+ Kg5 42. Qc1+ f4 43. Kh2 Qf5 44.
Qc7 Kg6 45. Qd8 Kg7 46. Qd4+ e5 47. Qd8 Qf6 48. Qd7 Qg5 49. Qd6 h4 50. Qd7 Kg6 51.
Qc8 Kg7 52. Qd7 Qf6 53. Qg4+ Kh6 54. Qc8 f3 55. gxf3 Qf4+ 56. Kg2 Qg5+ 57. Kh2 Kg6 58. Qg8+ Kf6 59. Qd8+ Kf5 60. Qd3+ Kf6 61. Qd8+ Kg6 62. Qg8+ Kh5 63. Qh7+ Qh6 64. Qf5+ Qg5 65. Qh7+ Qh6 66. Qf5+ Qg5 67. Qh7+ 1/2-1/2

[Event "*** Titled Tuesday Blitz"]
[Site "Chess.com"]
[Date "2019.08.06"]
[Round "5"]
[White "Saloni1299"]
[Black "guillembaches"]
[Result "1-0"]
[WhiteElo "2036"]
[BlackElo "2308"]
[TimeControl "180+2"]
[EndTime "14:06:07 PDT"]
[Termination "Saloni1299 won by resignation"]

1. e4 c5 2. Nf3 d6 3. d4 cxd4 4. Nxd4 Nf6 5. Nc3 Nc6 6. Bg5 e6 7. Qd2 h6 8. Be3 Ng4 9. Nxc6 bxc6 10. Bf4 e5 11. Bg3 Be7 12. f3 Bg5 13. f4 exf4 14. Bxf4 Bxf4 15. Qxf4 Qf6 16. Qxf6 Nxf6 17. O-O-O Ke7 18.
Bc4 Bg4 19. e5 dxe5 20. Rde1 Nd7 21. h3 Be6 22. Bxe6 Kxe6 23. Ne4 f5 24. Nc3 Rad8 25. g4 g6 26. gxf5+ gxf5 27. Ne2 Kd6 28. Rhf1 Rhf8 29.
Rd1+ Ke6 30. Rde1 Kd6 31. Rd1+ Kc7 32. Ng3 f4 33. Ne4 Nf6 34. Rxd8 Kxd8 35. Nc5 Ke7 36. Re1 Kd6 37. Nd3 Nd7 38. Rd1 Ke6 39. Re1 f3 40. Kd2 Rf5 41. Ke3 Nf6 42. Nc5+ Kf7 43. Rf1 e4 44. b4 Re5 45. Kd4 Re8 46. c4 e3 47. Rxf3 e2 48. Nd3 e1=Q 49. Nxe1 Rxe1 50. Kc5 Rc1 51. Rf4 Ke6 52. Kxc6 Nd7 53. Re4+ Ne5+ 54.
Kb7 Rxc4 55. Rxc4 Nxc4 56. Kxa7 Kd6 57. a4 Kc6 58. b5+ Kc5 59. Ka6 h5 60. a5 Nd6 61. b6 Kc6 62. Ka7 Nc4 63. b7 1-0

[Event "*** Titled Tuesday Blitz"]
[Site "Chess.com"]
[Date "2019.08.06"]
[Round "5"]
[White "IMRosen"]
[Black "Bathory44"]
[Result "1-0"]
[WhiteElo "2627"]
[BlackElo "2581"]
[TimeControl "180+2"]
[EndTime "14:06:13 PDT"]
[Termination "IMRosen won by resignation"]

1. d4 e6 2. Bf4 c5 3. e3 Nc6 4. Nf3 d5 5. Nbd2 Bd6 6. Bg3 Nge7 7. c3 Nf5 8. Bd3 Nxg3 9. hxg3 h6 10. Qe2 Be7 11.
Ne5 Nxe5 12. dxe5 Qc7 13. f4 Bd7 14. Bb5 O-O-O 15. Bxd7+ Rxd7 16. O-O-O Kb8 17. Kb1 c4 18. Nf3 Bc5 19. e4 Rhd8 20. Rd2 dxe4 21. Rxd7 Qxd7 22. Qxe4 b5 23. Kc2 Qd3+ 24. Qxd3 Rxd3 25. Rd1 Rxd1 26.
Kxd1 Bf2 27. g4 Bg3 28. f5 a6 29. Ke2 Kc7 30. Ke3 Kd7 31. Ke4 Bf2 32. Nd2 g6 33.
Nf3 Bb6 34. fxg6 fxg6 35. g5 h5 36. Nh4 Bd8 37. Kf4 a5 38. Nxg6 b4 39. Nh4 a4 40.
Nf3 a3 41. bxa3 bxc3 42. Ne1 Be7 43. Nc2 Bf8 44. Ke4 Kc6 45. Kd4 Kb5 46. g6 Bg7 47.
a4+ Kxa4 48. Kxc4 Bxe5 49. Nb4 Bg7 50. Nc2 Bf6 51. Kd3 Bg7 52. Ke4 Kb5 53. Kd3 Ka4 54. Kc4 Bf6 55. Kc5 Be5 56. Kc6 Bg7 57. Kd6 Kb5 58.
Kxe6 Kc4 59. Kf7 Bh6 60. g7 Bxg7 61. Kxg7 Kd3 62. Na3 h4 63. Kg6 Ke3 64. Kg5 Kf2 65. Kxh4 Kxg2 66. Nc2 Kf2 67. a4 Ke2 68. a5 Kd2 69.
Na3 Kc1 70. a6 Kb2 71. Nc4+ Kb3 72. Ne3 1-0

[Event "*** Titled Tuesday Blitz"]
[Site "Chess.com"]
[Date "2019.08.06"]
[Round "5"]
[White "PotapovaM"]
[Black "Kawhi_Leonard2"]
[Result "1/2-1/2"]
[WhiteElo "2465"]
[BlackElo "2317"]
[TimeControl "180+2"]
[EndTime "14:06:13 PDT"]
[Termination "Game drawn by repetition"]

1. d4 Nf6 2. c4 c5 3. d5 e6 4. Nc3 exd5 5. cxd5 d6 6. Nf3 g6 7. Bf4 Bg7 8. Qa4+ Bd7 9. Qb3 Qc7 10. e4 O-O 11. h3 a5 12. Be2 a4 13. Qc2 Na6 14. a3 Nb4 15. Qb1 Rfe8 16. O-O Na6 17. Nd2 Rab8 18. Nb5 Bxb5 19. Bxb5 Re7 20. Nc4 Rd8 21.
e5 dxe5 22. d6 Rxd6 23. Nxd6 Qxd6 24. Be3 Nd5 25. Rd1 Nac7 26. Bxa4 b5 27. Bc2 Qc6 28. Qa2 c4 29. Re1 Nxe3 30. Rxe3 Nd5 31. Ree1 f5 32. Rad1 Nf4 33. f3 h5 34. b3 c3 35. b4+ Kh7 36.
Bb1 e4 37. fxe4 fxe4 38. Qf2 Bh6 39. Bc2 e3 40. Qg3 h4 41. Qg4 e2 42. Rd4 Qb6 43.
Kh1 Qxd4 44. Bxg6+ Kh8 45. Bc2 Qf2 46. Qc8+ Kg7 47. Qxc3+ Kf8 48. Qc8+ Kg7 49. Qc3+ Kf8 50. Qh8+ Kf7 51. Bb3+ Kg6 52. Qg8+ Rg7 53. Qe8+ Kh7 54.
Bc2+ Ng6 55. Rg1 Bf4 56. Qe6 Qg3 57. Bxg6+ Rxg6 58. Qf7+ Kh6 59. Qf8+ Rg7 60. Qf6+ Kh7 61. Qf5+ Rg6 62. Qf7+ Kh6 63. Qf8+ Kg5 64. Qe7+ Rf6 65. Qg7+ Rg6 66. Qe7+ Kh6 67. Qf8+ 1/2-1/2

[Event "*** Titled Tuesday Blitz"]
[Site "Chess.com"]
[Date "2019.08.06"]
[Round "5"]
[White "Fandorine"]
[Black "Vuk2000"]
[Result "1/2-1/2"]
[WhiteElo "2878"]
[BlackElo "2728"]
[TimeControl "180+2"]
[EndTime "14:06:27 PDT"]
[Termination "Game drawn by repetition"]

1. e4 e6 2. d4 d5 3. Nd2 Be7 4. Ngf3 Nf6 5. e5 Nfd7 6. c3 c5 7. Bd3 b6 8. O-O Ba6 9. Bxa6 Nxa6 10. Re1 b5 11. a3 Nab8 12. Nf1 Nc6 13. Ng3 h5 14. h3 cxd4 15. cxd4 Rc8 16. Bd2 g5 17. Be3 Na5 18. b3 g4 19. hxg4 hxg4 20. Nh2 Rc3 21. Bd2 Rd3 22. Qe2 Rxd2 23. Qxd2 Nxb3 24. Qd3 Nxa1 25.
Rxa1 Qa5 26. Nxg4 b4 27. a4 Nb6 28. Ne3 Kd7 29. Ne2 Rc8 30. Qh7 b3 31. Qxf7 b2 32. Rb1 Qd2 33. Qf3 Rc1+ 34. Nxc1 bxc1=Q+ 35. Rxc1 Qxc1+ 36. Kh2 Nxa4 37. Qf7 Nb6 38. Ng4 Qa3 39. f4 a5 40.
Nf6+ Kc7 41. Qxe6 Bxf6 42. Qxf6 a4 43. e6 Nc8 44. Qf5 Qd6 45. g3 a3 46. Qc2+ Kd8 47.
f5 Nb6 48. Qd2 Qe7 49. Qa5 Qd6 50. Kh3 Ke7 51. Kg4 Nc4 52. Qa7+ Kd8 53. Qa8+ Kc7 54. Qa7+ Kc8 55. e7 Qc6 56. f6 Qe6+ 57. Kg5 Nd6 58. Qa8+ Kc7 59. Qd8+ Kc6 60. Qa8+ Kb5 61.
Qb8+ Kc6 62. Qa8+ Kb5 63. Qb8+ Kc6 64. Qa8+ 1/2-1/2

[Event "*** Titled Tuesday Blitz"]
[Site "Chess.com"]
[Date "2019.08.06"]
[Round "5"]
[White "Wolverine_master"]
[Black "Karina_Ivanova"]
[Result "1/2-1/2"]
[WhiteElo "2119"]
[BlackElo "2173"]
[TimeControl "180+2"]
[EndTime "14:06:27 PDT"]
[Termination "Game drawn by repetition"]

1. e4 c6 2. d4 d5 3. Nc3 dxe4 4. Nxe4 Nf6 5. Nxf6+ exf6 6. Nf3 Bd6 7. Bd3 O-O 8. O-O Bg4 9. h3 Bh5 10. c3 Re8 11.
Be3 Nd7 12. Be2 Qc7 13. Qc2 Rad8 14. Rfe1 c5 15. Rad1 Bg6 16. Bd3 c4 17. Bxg6 hxg6 18. Qa4 a6 19. Nd2 Nb6 20. Qc2 f5 21. Nf3 Nd5 22.
Bd2 b5 23. Rxe8+ Rxe8 24. Re1 Rxe1+ 25. Bxe1 Qe7 26. Kf1 Qe4 27. Qxe4 fxe4 28. Nd2 f5 29. g3 Kf7 30. Ke2 Ke6 31. f3 Nf6 32. Ke3 Kd5 33.
g4 a5 34. Bh4 f4+ 35. Ke2 e3 36.
Bxf6 gxf6 37. Ne4 Be7 38. h4 f5 39. gxf5 gxf5 40. Ng5 Bf6 41. Nf7 Bxh4 42. Nh6 Be7 43.
Nxf5 Bf8 44. Nh4 b4 45. Ng6 Bd6 46. Nh4 bxc3 47. bxc3 Ba3 48. Ng6 Bd6 49. Nh4 Ke6 50.
Ng2 Kf5 51. Nh4+ Kg5 52. Ng2 Ba3 53. Kd1 Kf5 54. Kc2 Bd6 55. Kd1 a4 56. Kc2 Ke6 57.
Kd1 Kd5 58. Nh4 Be7 59. Ng6 Bd6 60. Nh4 Be7 61. Ng6 Bg5 62. Nf8 Be7 63. Ng6 1/2-1/2

[Event "*** Titled Tuesday Blitz"]
[Site "Chess.com"]
[Date "2019.08.06"]
[Round "5"]
[White "leclash"]
[Black "Samantha_Ross"]
[Result "0-1"]
[WhiteElo "2194"]
[BlackElo "2097"]
[TimeControl "180+2"]
[EndTime "14:06:30 PDT"]
[Termination "Samantha_Ross won by checkmate"]

1. d4 d6 2. c4 e5 3. Nc3 exd4 4.
Qxd4 Nc6 5. Qd2 g6 6. b3 Bg7 7. Bb2 Nge7 8. g3 O-O 9. Nh3 Nf5 10. Nf4 Re8 11. Bg2 Nfd4 12. O-O Bf5 13. e3 Ne6 14. Nfd5 Nf8 15. Nb5 Rc8 16. Bxg7 Kxg7 17. Rfd1 a6 18. Nbxc7 Rxc7 19. Nxc7 Qxc7 20. Qxd6 Qb6 21.
Bxc6 bxc6 22. Qd4+ Qxd4 23. Rxd4 Kf6 24. Rd6+ Re6 25.
Rxe6+ Kxe6 26. f3 Kd6 27. b4 Be6 28. Rd1+ Kc7 29. Rd4 c5 30. bxc5 Nd7 31. h4 Nxc5 32. h5 Na4 33. h6 Nb6 34. c5 Nd7 35. c6 Kxc6 36. Rd2 a5 37. Kf2 Kc5 38. Rc2+ Kb4 39. Rc8 Bxa2 40. Rh8 Nf6 41. g4 a4 42. g5 Nd7 43.
Rxh7 Bd5 44. Rxf7 Bxf7 45. h7 a3 46. h8=Q a2 47. Qb2+ Bb3 48. f4 Nc5 49. Qd4+ Bc4 50. f5 Nb3 51. Qd6+ Ka4 52. Qc6+ Ka3 53. Qa8+ Kb2 54.
Qh8+ Kb1 55. Qh1+ Nc1 56. Kg3 a1=Q 57. fxg6 Qe5+ 58. Kf2 Qf5+ 59. Qf3 Nd3+ 60. Kg3 Qxg5+ 61. Qg4 Qxe3+ 62. Kh4 Be6 63. Qg3 Qh6# 0-1

[Event "*** Titled Tuesday Blitz"]
[Site "Chess.com"]
[Date "2019.08.06"]
[Round "5"]
[White "temus_galaktionov"]
[Black "GianmarcoVaR"]
[Result "1-0"]
[WhiteElo "2687"]
[BlackElo "2563"]
[TimeControl "180+2"]
[EndTime "14:06:31 PDT"]
[Termination "temus_galaktionov won by checkmate"]

1. d4 Nf6 2. Nf3 e6 3. c4 b6 4.
g3 Bb7 5. Bg2 g6 6. Nc3 Ne4 7.
Nxe4 Bxe4 8. Bg5 Bb4+ 9. Kf1 Be7 10. Bh6 d6 11. Nd2 Bxg2+ 12. Kxg2 Bg5 13. Bxg5 Qxg5 14. h4 Qf6 15. Ne4 Qe7 16. h5 g5 17. Qa4+ c6 18.
c5 d5 19. Nd6+ Kf8 20. e4 Nd7 21. Qxc6 Kg7 22. h6+ Kg6 23. exd5 Nf6 24. dxe6 Qxe6 25. Rae1 Qxa2 26. Qf3 Qd5 27. Qxd5 Nxd5 28. Re5 Nc7 29. Re7 Ne6 30. Rxf7 Rhf8 31. Rg7+ Nxg7 32. hxg7 Kxg7 33.
b4 Rad8 34. Ra1 Rd7 35. Nb5 Rdf7 36. Rxa7 bxc5 37. dxc5 Rb8 38. Ra5 g4 39. Nd6 Rd7 40. Ra4 Rc7 41. Kf1 Kf6 42. Ke2 Ke5 43. Kd3 Kd5 44. Nc4 h5 45. Ne3+ Ke5 46. Kc4 Rd8 47. Ra2 Rd4+ 48. Kc3 Ke4 49. Ra6 Rd3+ 50. Kc4 Rd2 51.
Re6+ Kf3 52. Rf6+ Ke2 53. b5 Ra2 54. c6 Rc8 55. b6 Ra6 56. Kb5 Ra1 57. b7 Rc7 58. Kb6 Re7 59. Nd5 Rb1+ 60. Kc5 Re5 61. Kd6 Re4 62. c7 Rd4 63. b8=Q Kf1 64. Qxb1+ Kg2 65.
Qb6 h4 66. gxh4 g3 67. Qxd4 Kh2 68. fxg3 Kh3 69. g4 Kg2 70. Qe3 Kh2 71. Rf2+ Kh1 72.
Qe1# 1-0

[Event "*** Titled Tuesday Blitz"]
[Site "Chess.com"]
[Date "2019.08.06"]
[Round "5"]
[White "stoleriu"]
[Black "Pakarma"]
[Result "1-0"]
[WhiteElo "2510"]
[BlackElo "2398"]
[TimeControl "180+2"]
[EndTime "14:06:33 PDT"]
[Termination "stoleriu won by resignation"]

1. e4 e5 2. Nf3 Nf6 3. Nxe5 d6 4. Nf3 Nxe4 5. c4 d5 6. Nc3 Nxc3 7. dxc3 dxc4 8.
Qxd8+ Kxd8 9. Bxc4 f6 10. O-O Bd6 11. Rd1 Bg4 12. Bf4 Kd7 13. Bxd6 cxd6 14. Rd2 Bxf3 15. gxf3 Rd8 16. Rad1 Kc7 17. f4 Nc6 18. b4 a6 19. a4 g5 20. b5 axb5 21. axb5 Na5 22. Bd5 gxf4 23. Rd4 Rd7 24. Rxf4 Rg7+ 25. Kf1 Rf8 26.
h4 b6 27. Re1 f5 28. Re6 Rd7 29. Rh6 Nb7 30. Ra4 Na5 31. Rf4 Nb7 32. Rh5 Nc5 33. Rhxf5 Rxf5 34. Rxf5 Re7 35. c4 Nd3 36. h5 Ne5 37. f4 Nd3 38. Kg2 Kd7 39. Rf8 Rg7+ 40. Kf3 Re7 41. Bc6+ Kc7 42. Ra8 Ne1+ 43. Kg4 Rg7+ 44.
Kf5 Rf7+ 45. Kg5 Rg7+ 46. Kf6 Rg4 47. f5 Rxc4 48. Ra7+ Kc8 49. Rxh7 Nd3 50. h6 Ne5 51. Rh8+ Kc7 52. h7 Rh4 53. Ra8 Nd7+ 54. Bxd7 Rxh7 55.
Bc6 Rh6+ 56. Kg5 Rh2 57. Ra7+ Kc8 58. Rd7 Rd2 59. Kf6 Rf2 60. Re7 Kd8 61. Re8+ Kc7 62.
Rf8 Rd2 63. Kg7 d5 64. f6 d4 65. f7 Rd3 66. Rc8+ Kxc8 67. f8=Q+ Kc7 68. Qe7+ 1-0

[Event "*** Titled Tuesday Blitz"]
[Site "Chess.com"]
[Date "2019.08.06"]
[Round "5"]
[White "Zhuu96"]
[Black "Bigfish1995"]
[Result "1/2-1/2"]
[WhiteElo "2950"]
[BlackElo "3056"]
[TimeControl "180+2"]
[EndTime "14:06:53 PDT"]
[Termination "Game drawn by stalemate"]

1. e4 c5 2. Nf3 d6 3. d4 cxd4 4. Nxd4 Nf6 5. Nc3 a6 6. Bg5 Nbd7 7. Bc4 Qb6 8. O-O e6 9. Bb3 Be7 10. Be3 Nc5 11. f4 Qc7 12. Qf3 b5 13. e5 Bb7 14.
Qg3 Nh5 15. Qh3 dxe5 16. fxe5 Qxe5 17. Rae1 Nf6 18. Bf2 Qh5 19. Qg3 Qg4 20. Qxg4 Nxg4 21. Bg3 Rd8 22. Nf3 Nxb3 23. axb3 Bc5+ 24. Kh1 Ne3 25. Rf2 O-O 26. Rfe2 Nf5 27. Bf2 Bxf2 28. Rxf2 Nd4 29. Ne5 f6 30. Nd3 Rc8 31. b4 Rc4 32. Kg1 e5 33. Rd2 Bc8 34. Nd5 Rxc2 35. Rxc2 Nxc2 36.
Rc1 Be6 37. Ne7+ Kf7 38. Rxc2 Kxe7 39. Rc7+ Kd6 40. Rxg7 Bf5 41. Nc5 Kd5 42. Nxa6 Kc4 43. Rc7+ Kb3 44. Rc5 Ra8 45. Rc6 Rf8 46. Rb6 Kxb2 47.
Rxb5 Bd3 48. Rb6 Bxa6 49. Rxa6 Kc3 50. b5 Kc4 51. b6 Rb8 52. Ra7 Rxb6 53. Rxh7 e4 54.
Kf2 Kd4 55. Rd7+ Ke5 56. Rd2 f5 57. g3 Rb3 58. Ke2 f4 59. gxf4+ Kxf4 60. Ra2 Rh3 61. Kf1 Rb3 62. Kg2 Rb7 63. h4 Rg7+ 64. Kf1 Rg3 65.
Rf2+ Kg4 66. Rg2 Kxh4 67. Rxg3 Kxg3 68. Ke2 Kf4 69. Kf2 Kf5 70. Ke3 Ke5 71. Ke2 Ke6 72. Ke3 Kd5 73. Ke2 Kd4 74. Kd2 e3+ 75. Ke2 Ke4 76. Ke1 Kf3 77. Kf1 e2+ 78. Ke1 Ke3 1/2-1/2